 Dungeon Crawl Stone Soup version 0.30-a0-782-ge64f9170bb (webtiles) character file.

Game seed: 8152395890132997438

14305 Dirtsage the Grappler (level 11, -1/89 HPs)
             Began as a Demonspawn Fighter on Mar 2, 2023.
             Was a Follower of Makhleb.
             Slain by a naga
             ... wielding a +0 war axe
              (11 damage)
             ... on level 2 of the Lair of Beasts.
             The game lasted 00:35:03 (13259 turns).

Dirtsage the Grappler (Demonspawn Fighter)         Turns: 13259, Time: 00:35:04

Health: -1/89      AC: 15    Str: 20    XL:     11   Next: 87%
Magic:  0/16       EV: 12    Int: 10    God:    Makhleb [*.....]
Gold:   559        SH:  5    Dex: 13    Spells: 10/10 levels left

rFire   + . .      SeeInvis .      - Unarmed
rCold   + . .      Faith    .    c - +0 buckler
rNeg    . . .      Spirit   +    S - +2 chain mail {rC+}
rPois   .          Reflect  .    (no helmet)
rElec   .          Harm     .    P - scarf {repulsion}
rCorr   .          Rampage  .    (no gloves)
Will    .....                    J - +0 pair of boots {rF+} Stlth
                                 (no amulet)
HPRegen 0.34/turn                z - +5 ring of evasion
MPRegen 0.30/turn                Q - +4 ring of slaying

@: repel missiles
A: claws 2, icy blue scales 1, powered by pain 2, magic shield, magic
regeneration
a: Renounce Religion


You were on level 2 of the Lair of Beasts.
You worshipped Makhleb.
Makhleb was aware of your devotion.
You visited 3 branches of the dungeon, and saw 13 of its levels.
You also visited: Sewer and Bailey.

You collected 685 gold pieces.
You spent 126 gold pieces at shops.

Inventory:

Hand Weapons
 y - the +1 hand axe "Zunoih" {freeze, rPois rN+ rCorr}
   (You found it on level 3 of the Dungeon)

   rPois:     It protects you from poison.
   rN:        It protects you from negative energy.
   rCorr:     It protects you from acid and corrosion.
Missiles
 b - 6 javelins
 d - 3 throwing nets (quivered)
 T - a curare-tipped dart
Armour
 c - a +0 buckler (worn)
 w - a +1 ring mail of willpower
 B - a +0 troll leather armour {Pargi}
 J - a +0 pair of boots of fire resistance (worn)
 K - a scarf of shadows
 P - a scarf of repulsion (worn)
 S - a +2 chain mail of cold resistance (worn)
Jewellery
 z - a +5 ring of evasion (left claw)
 C - a ring of resist corrosion
 I - a ring of protection from cold
 Q - a +4 ring of slaying (right claw)
Wands
 L - a wand of mindburst (9)
Scrolls
 a - 6 scrolls of enchant weapon {unknown}
 i - 3 scrolls of identify
 m - 2 scrolls of vulnerability {unknown}
 o - a scroll of butterflies
 p - 2 scrolls of fog
 r - a scroll of enchant armour
 t - 5 scrolls of teleportation
 u - 2 scrolls of blinking {unknown}
 v - a scroll of magic mapping
 x - 2 scrolls of silence {unknown}
 A - a scroll of immolation {unknown}
 D - 5 scrolls of amnesia {unknown}
 E - a scroll of brand weapon {unknown}
 G - 4 scrolls of fear {unknown}
 N - 2 scrolls of noise {unknown}
Potions
 e - 3 potions of flight
 f - 2 potions of ambrosia {unknown}
 h - a potion of haste
 j - a potion of attraction {unknown}
 k - 4 potions of brilliance
 n - 3 potions of degeneration {unknown}
 q - 3 potions of curing
 s - 2 potions of lignification
 F - a potion of invisibility {unknown}
 H - 3 potions of mutation {unknown}
 M - 3 potions of heal wounds {unknown}
 O - a potion of magic {unknown}
 R - 2 potions of berserk rage {unknown}
 U - 2 potions of resistance {unknown}


   Skills:
 + Level 9.6 Fighting
 - Level 6.2 Axes
 + Level 5.3 Armour
 + Level 7.0 Shields
 * Level 11.2 Unarmed Combat
 + Level 6.7 Invocations


You had 10 spell levels left.
You didn't know any spells.
Your spell library contained the following spells:

 Spells                   Type           Power      Damage    Failure   Level
 Magic Dart               Conj           0%         1d3       99%         1
 Call Imp                 Summ           0%         N/A       100%        2
 Static Discharge         Conj/Air       0%         2-2/arc   100%        2
 Mephitic Cloud           Conj/Pois/Air  0%         N/A       100%        3
 Tukima's Dance           Hex            0%         N/A       100%        3
 Vhi's Electric Charge    Tloc/Air       0%         N/A       100%        3
 Passage of Golubria      Tloc           0%         N/A       100%        4
 Arcjolt                  Conj/Air       0%         1d10      100%        5
 Lightning Bolt           Conj/Air       0%         1d11      100%        5
 Yara's Violent Unravell  Hex/Tmut       0%         3d3       100%        5


Dungeon Overview and Level Annotations

Branches:
Dungeon (10/15)            Temple (1/1) D:4            Lair (2/5) D:9
 Shoals (0/4) Lair:2        Snake (0/4) Lair:2          Orc (0/2) D:9
  Sewer (visited)          Bailey (visited)

Altars:
Ashenzari
Cheibriados
Dithmenos
Fedhas
Gozag
Hepliaklqana
Kikubaaqudgha
Makhleb
Nemelex Xobeh
Okawaru
Qazlal
Ru
Sif Muna
Trog
Uskayaw
Vehumet
Wu Jian
Xom
Yredelemnul

Shops:
D:6 *

Annotations:
D:5 1 runed translucent door, Crazy Yiuf


Innate Abilities, Weirdness & Mutations

You have very sharp fingernails.
You are partially covered in icy blue scales. (AC +2)
You sometimes gain power by taking damage.
When hurt, damage is shared between your health and your magic reserves.
You regenerate magic rapidly.


Message History

You block the black mamba's attack.
The black mamba bites you but does no damage.
You take 2 damage, and have 25/89 hp.
You miss the black mamba.
The black mamba is moderately wounded.
You feel sick. The black mamba bites you!
* * * LOW HITPOINT WARNING * * *
You take 7 damage, and have 18/89 hp.
You now have 9/16 mp.
You barely miss the black mamba.
The black mamba is moderately wounded.
You feel sick. The black mamba closely misses you.
The black mamba bites you but does no damage.
You take 2 damage, and have 16/89 hp.
You feel better. The black mamba barely misses you.
You regained 6 hp, and now have 22/89 hp.
You mangle the black mamba!!
The black mamba is almost dead.
The black mamba bites you!
* * * LOW HITPOINT WARNING * * *
The black mamba bites you!
* * * LOW HITPOINT WARNING * * *
You take 14 damage, and have 8/89 hp.
You now have 3/16 mp.
You miss the black mamba.
The black mamba is almost dead.
The black mamba bites you but does no damage.
You feel better. The black mamba bites you.
* * * LOW HITPOINT WARNING * * *
You block the black mamba's attack.
You regained 6 hp, and now have 14/89 hp.
You scratch the black mamba.
The black mamba is almost dead.
The black mamba bites you!
* * * LOW HITPOINT WARNING * * *
You take 4 damage, and have 10/89 hp.
You now have 2/16 mp.
You miss the black mamba.
The black mamba is almost dead.
The black mamba misses you.
The black mamba bites you but does no damage.
The naga hits you with a +0 war axe!
You die...

#P...............##
##................#
#P..............##
##....N.......##.#
##............####
#P...........##
##..N......P##
#######
#...NS....##
#(##.P# #####@###.#
##...## #..#####
.....# ####..#
#....## #.##.##
......## ##....##
.......# #....P#
......## #.....#
......# #.....##
......# #......##


You could see a black mamba and 3 nagas.

Vanquished Creatures
  Harold (D:10)
  2 hydras (Lair:2)
  2 black mambas
  A merfolk siren (Lair:2)
  Joseph (Lair:1)
  4 cane toads
  A rime drake (Lair:1)
  2 komodo dragons (Lair:1)
  2 trolls
  A hornet (D:8)
  4 shadows
  Sigmund (D:7)
  16 yaks
  5 wyverns
  2 steam dragons (D:7)
  Menkaure (D:7)
  Edmund (D:7)
  An acid dragon (D:9)
  An orc warrior (D:8)
  3 water moccasins
  2 sky beasts
  Pargi (Sewer)
  3 black bears
  An ice beast (D:5)
  2 centaurs
  4 phantoms
  2 kobold brigands
  6 bullfrogs
  2 necrophages
  6 scorpions
  10 wights
  A troll zombie (D:9)
  3 killer bees
  2 electric eels (D:10)
  2 howler monkeys
  3 jellies
  6 hounds
  3 orc priests
  Terence (D:3)
  4 iguanas
  4 orc wizards
  5 ogre zombies (D:9)
  6 gnolls
  9 adders
  A shadow imp (D:5)
  A white imp (D:5)
  3 ufetubi
  4 worms
  3 dart slugs
  26 orcs
  15 bats
  7 endoplasms
  8 giant cockroaches
  6 goblins
  4 hobgoblins
  3 quokkas
  7 ball pythons
  4 frilled lizards
  A goblin skeleton (D:9)
  5 goblin zombies (D:9)
  A hobgoblin skeleton (D:9)
  A hobgoblin zombie (D:9)
  5 kobolds
  2 orc skeletons (D:9)
  8 orc zombies (D:9)
  5 rats
260 creatures vanquished.

Vanquished Creatures (others)
  15 fungi
  A plant (Lair:1)
16 creatures vanquished.

Grand Total: 276 creatures vanquished

Notes
Turn   | Place    | Note
-------+----------+-------------------------------------------
     0 | D:1      | Dirtsage the Demonspawn Fighter began the quest for the
                  | Orb.
     0 | D:1      | Reached XP level 1. HP: 18/18 MP: 1/1
   125 | D:1      | Gained mutation: You regenerate magic rapidly. [demonic
                  | ancestry]
   125 | D:1      | Reached XP level 2. HP: 24/24 MP: 2/2
   660 | D:2      | Saving game... please wait.
   710 | D:2      | Reached XP level 3. HP: 14/29 MP: 3/3
  1101 | D:2      | Found an opulent altar of Gozag.
  1348 | D:3      | Noticed Terence
  1348 | D:3      | Noticed a phantom
  1413 | D:3      | Found a sacrificial altar of Ru.
  1516 | D:3      | Gained mutation: You sometimes gain a little power by
                  | taking damage. [demonic ancestry]
  1516 | D:3      | Reached XP level 4. HP: 35/35 MP: 4/4
  1561 | D:3      | Killed a phantom
  1562 | D:3      | Gained mutation: You are partially covered in icy blue
                  | scales. (AC +2) [demonic ancestry]
  1562 | D:3      | Reached XP level 5. HP: 35/41 MP: 5/5
  1624 | D:3      | Reached skill level 5 in Axes
  1708 | D:3      | Killed Terence
  2128 | D:3      | Identified the +1 hand axe "Zunoih" {freeze, rPois rN+
                  | rCorr}
  2286 | D:4      | Found a glowing drain.
  2578 | Sewer    | Entered a sewer
  2589 | Sewer    | Saving game... please wait.
  2613 | Sewer    | Noticed Pargi
  2618 | Sewer    | Killed Pargi
  2619 | Sewer    | Reached XP level 6. HP: 47/47 MP: 6/6
  2784 | D:4      | Found a staircase to the Ecumenical Temple.
  2804 | Temple   | Entered the Ecumenical Temple
  3354 | D:5      | Entered Level 5 of the Dungeon
  3578 | D:5      | Gained mutation: You have sharp fingernails. [demonic
                  | ancestry]
  3578 | D:5      | Reached XP level 7. HP: 53/53 MP: 7/7
  3601 | D:5      | Reached skill level 1 in Unarmed Combat
  3731 | D:5      | Noticed a komodo dragon
  3864 | D:5      | Reached skill level 2 in Unarmed Combat
  4063 | D:5      | Found a runed translucent door.
  4064 | D:5      | Noticed Crazy Yiuf
  4152 | D:5      | Reached skill level 3 in Unarmed Combat
  4169 | D:5      | Reached XP level 8. HP: 42/61 MP: 8/8
  4420 | D:5      | Reached skill level 5 in Fighting
  4420 | D:5      | Reached skill level 4 in Unarmed Combat
  5035 | D:6      | Found Uzopsiac's Fire Supplies.
  5042 | D:6      | Bought a +0 pair of boots of fire resistance for 126 gold
                  | pieces
  5286 | D:6      | Reached skill level 5 in Shields
  5286 | D:6      | Reached skill level 5 in Unarmed Combat
  5994 | D:7      | Gained mutation: You sometimes gain power by taking damage.
                  | [demonic ancestry]
  5994 | D:7      | Reached XP level 9. HP: 40/69 MP: 9/9
  6196 | D:7      | Reached skill level 6 in Unarmed Combat
  6713 | D:7      | Reached skill level 7 in Unarmed Combat
  6832 | D:7      | Noticed Menkaure
  6841 | D:7      | Killed Menkaure
  7003 | D:7      | Noticed Sigmund
  7009 | D:7      | Killed Sigmund
  7022 | D:7      | Noticed Edmund
  7037 | D:7      | Killed Edmund
  7147 | D:7      | Found a shimmering altar of Xom.
  7298 | D:8      | Found a flagged portal.
  7443 | D:8      | Reached skill level 8 in Unarmed Combat
  7674 | Bailey   | Entered a bailey
  9031 | D:9      | Gained mutation: When hurt, damage is shared between your
                  | health and your magic reserves. [demonic ancestry]
  9031 | D:9      | Reached XP level 10. HP: 80/80 MP: 10/10
  9177 | D:9      | Reached skill level 9 in Unarmed Combat
  9360 | D:9      | Found a staircase to the Lair.
  9399 | D:9      | Found a radiant altar of Vehumet.
  9409 | D:9      | Found a staircase to the Orcish Mines.
  9428 | D:9      | Reached skill level 1 in Invocations
 10187 | D:10     | Entered Level 10 of the Dungeon
 10187 | D:10     | Noticed Harold
 10198 | D:10     | Killed Harold
 10463 | D:10     | Found an iron altar of Okawaru.
 10521 | D:10     | Found a shimmering blue altar of Sif Muna.
 10561 | D:10     | Reached skill level 10 in Unarmed Combat
 10692 | D:10     | Found a burning altar of Makhleb.
 10693 | D:10     | Found an ornate altar of the Wu Jian Council.
 10697 | D:10     | Became a worshipper of Makhleb the Destroyer
 10728 | Lair:1   | Entered Level 1 of the Lair of Beasts
 10741 | Lair:1   | Noticed a black mamba
 10768 | Lair:1   | Killed a black mamba
 10776 | Lair:1   | Gained mutation: You have very sharp fingernails. [demonic
                  | ancestry]
 10776 | Lair:1   | Reached XP level 11. HP: 47/87 MP: 11/14
 11303 | Lair:1   | Reached skill level 5 in Invocations
 11431 | Lair:1   | Noticed Joseph
 11442 | Lair:1   | Killed Joseph
 12032 | Lair:2   | Noticed a six-headed hydra
 12496 | Lair:2   | Reached skill level 5 in Armour
 12502 | Lair:2   | Found a staircase to the Shoals.
 12547 | Lair:2   | Killed a six-headed hydra
 12548 | Lair:2   | Reached skill level 11 in Unarmed Combat
 12746 | Lair:2   | Noticed a seven-headed hydra
 12748 | Lair:2   | Reached * piety under Makhleb
 12761 | Lair:2   | Killed a seven-headed hydra
 13233 | Lair:2   | Found a staircase to the Snake Pit.
 13259 | Lair:2   | Slain by a naga

Illustrated notes

Levels and vault maps discovered:
D:1:      lemuel_arrival_river_ford, layout_basic
D:2:      layout_loops_ring, basic_altar
D:3:      layout_basic, nicolae_ru_sacrificial_ziggurat, minivault_4,
          uniq_terence
D:4:      layout_basic, minmay_temple_entry_waves, portal_sewer_entry_f
D:5:      old_forge, layout_rooms, lightli_corner_chamber,
          uniq_crazy_yiuf_cottage
D:6:      layout_loops_corners, nicolae_shop_fire_sale [nicolae_sub_dead_trees]
D:7:      layout_basic, xom_teletrap_fun, sigmund_edmund_badplayer,
          uniq_menkaure
D:8:      layout_basic, enter_bailey_5, st_stairs_10
D:9:      layout_cave_pools, dreamdust_divine_triumvirate,
          mainiacjoe_overflow_cross_hatched, david_lair_generic,
          zombieorc1_lemuel, serial_park, serial_park_tiny_2, serial_park_tiny_1
D:10:     layout_big_octagon, gammafunk_temple_overflow_statue,
          mainiacjoe_overflow_boulevard, okawaru_ov_weapons_minmay,
          serial_gnoll_camp, gnoll_camp_mini_doghouse,
          gnoll_camp_mini_loothouse, gnoll_camp_medium_01,
          gnoll_camp_mini_basic, gnoll_camp_mini_doghouse,
          chequers_serial_rivers_room_a, uniq_harold, uniq_nergalle
Temple:   minmay_temple_bridge_abc
Lair:1:   layout_gridlike, lemuel_fruit_tree, grunt_megastairs_4,
          serial_bayou_shore_b, uniq_joseph
Lair:2:   layout_cave_pods, elwin_shoals_entry_rooms,
          minmay_snake_entry_guardpost_small, serial_rivers,
          chequers_serial_rivers_micro_c, chequers_serial_rivers_small_b,
          chequers_serial_rivers_micro_c, chequers_serial_rivers_micro_c,
          chequers_serial_rivers_room_b, chequers_serial_rivers_large_a,
          serial_bayou_shore_b

Skill      XL: |  1  2  3  4  5  6  7  8  9 10 11 |
---------------+----------------------------------+-----
Axes           | 2 3 4 5 6 |  6.2
Shields        | 3 4 5 6 7 |  7.0
Fighting       | 4 6 7 8 9 |  9.6
Unarmed Combat | 3 5 8 10 11 | 11.2
Invocations    | 4 6 |  6.7
Armour         | 4 5 |  5.3

Action                     |  1- 3 |  4- 6 |  7- 9 | 10-12 || total
---------------------------+-------+-------+-------+-------++-------
  Melee: War axe           |   112 |    40 |       |       ||   152
         Hand axe          |       |   112 |   155 |       ||   267
         Unarmed           |       |       |   283 |   415 ||   698
  Throw: Dart              |       |       |       |     1 ||     1
         Javelin           |       |       |       |     3 ||     3
  Evoke: Wand              |       |     2 |     3 |     1 ||     6
    Use: Potion            |       |     1 |     6 |     5 ||    12
         Scroll            |       |     4 |     5 |     1 ||    10
 Armour: Scale mail        |    66 |    14 |       |       ||    80
         Ring mail         |       |    41 |   107 |    34 ||   182
         Skin              |       |       |     5 |       ||     5
         Chain mail        |       |       |       |   109 ||   109
  Dodge: Dodged            |    49 |    78 |   285 |   205 ||   617
         Repelled          |       |       |       |     1 ||     1
  Block: Buckler           |    25 |    36 |    99 |   108 ||   268

Table legend: (Time is in decaauts)
 A = Elapsed time spent in this place.
 B = Non-inter-level travel time spent in this place.
 C = Inter-level travel time spent in this place.
 D = Time resting spent in this place.
 E = Time spent auto-exploring this place.
 F = Levels seen in this place.
 G = Mean time per level.
                   A        B        C        D        E       F      G
               +--------+--------+--------+--------+--------+-----+--------+
         Total |  13286 |  12581 |    705 |   1051 |   9268 |  15 |  885.7 |
       Dungeon |  10413 |   9772 |    641 |    765 |   7174 |  10 | 1041.3 |
        Temple |    186 |    165 |     21 |      0 |    160 |   1 |  186.0 |
          Lair |   2503 |   2461 |     42 |    286 |   1850 |   2 | 1251.5 |
         Sewer |    167 |    167 |      0 |      0 |     83 |   1 |  167.0 |
        Bailey |     14 |     14 |      0 |      0 |      0 |   1 |   14.0 |
               +--------+--------+--------+--------+--------+-----+--------+

Top non-repeatable levels by time:
     D:8: 1851 daAuts
     D:7: 1353 daAuts
  Lair:2: 1271 daAuts
  Lair:1: 1231 daAuts
     D:6: 1208 daAuts
     D:5: 1112 daAuts
     D:9: 1078 daAuts
     D:4: 985 daAuts
     D:3: 914 daAuts
     D:2: 728 daAuts
     D:1: 669 daAuts
    D:10: 512 daAuts
  Temple: 186 daAuts
   Sewer: 167 daAuts
  Bailey: 14 daAuts
